AoeStats
← piñácido

Nomad

508772456Analyzed
2v2 RM · 10d ago on Sep 24, 2026· 35m 34s· 4 players
Game mode
Random Map
Map size
176×176
Population
200
Speed
Normal
Resources
Standard
Victory
Conquest
Starting age
Dark Age
Ending age
Imperial Age
RankedLock teamsTeams togetherTeam positionsShared explorationLock speedFull tech treeHidden civsTurbo modeCheats
Victory
Defeat
🇨🇱 Mongols · Chile
902
+13
🇨🇱 Sicilians · Chile
853
+15
🇦🇺 Danes · Australia
879
-16
🇦🇺 Poles · Australia
790
-12
Mclovin
5:49 Loom
6:58 Loom
13:41 Feudal Age
18:49 Castle Age
17:14 Arson
17:42 Forging
17:33 Scale Mail Armor
17:53 Horse Collar
18:19 Town Watch
21:41 Iron Casting
21:21 Chain Mail Armor
22:06 Chain Mail Armor
27:17 Hamask
31:47 Fletching
Beardsley McTurbanhead
4:55 Loom
16:19 Feudal Age
17:08 Double-Bit Axe
17:40 Fishing Lines
19:40 Bloodlines
23:02 Castle Age
22:38 Bloodlines
24:11 Bow Saw
24:48 Wheelbarrow
24:22 Husbandry
26:40 Horse Collar
27:28 Scale Barding Armor
28:07 Hand Cart
27:55 Heavy Plow
31:53 Town Watch
32:53 Chain Barding Armor
32:44 Forging
35:14 Iron Casting
38:20 Imperial Age
Sebatun
4:57 Loom
15:38 Feudal Age
19:14 Wheelbarrow
18:28 Fishing Lines
22:34 Castle Age
22:47 Scale Barding Armor
22:54 Forging
22:34 Fletching
22:47 Padded Archer Armor
23:45 Husbandry
25:46 Elite Skirmisher
piñácido
14:17 Feudal Age
12:53 Loom
14:51 Double-Bit Axe
17:03 Scale Mail Armor
19:45 Wheelbarrow
20:52 Forging
27:19 Castle Age
26:18 Fletching
27:58 Elite Skirmisher
28:41 Padded Archer Armor
35:12 Pikeman
Connection lost

Rejoining the realm…

Still unreachable

The connection could not be restored.

Session expired

The server has moved on; the page needs a fresh start.